 Dungeon Crawl Stone Soup version 0.29-a0-847-g24c0ca63c9 (webtiles) character file.

Game seed: 14858637101711192602

3 Malachi the Trooper (level 1, -1/19 HPs)
             Began as a Ghoul Fighter on July 16, 2022.
             Slain by a goblin
             ... wielding a +0 club
              (3 damage)
             ... on level 1 of the Dungeon.
             The game lasted 00:00:22 (178 turns).

Malachi the Trooper (Ghoul Fighter)                  Turns: 178, Time: 00:00:22

Health: -1/19      AC:  6    Str: 19    XL:     1   Next: 50%
Magic:  0/0        EV:  9    Int:  3    God:
Gold:   10         SH:  4    Dex:  8    Spells: 0/0 levels left

rFire   . . .      SeeInvis .   a - +0 flail
rCold   + . .      Faith    .   c - +0 buckler
rNeg    + + +      Spirit   .   b - +0 scale mail
rPois   ∞          Reflect  .   (no helmet)
rElec   .          Harm     .   (no cloak)
rCorr   .          Rampage  .   (no gloves)
Will    .....                   (no boots)
Stlth   ..........              (no amulet)
HPRegen 0.00/turn               (no ring)
MPRegen 0.07/turn               (no ring)

@: inhibited regen
A: claws 1, cold resistance 1, negative energy resistance 3, inhibited
regeneration, torment resistance 2, devour on kill
a: no special abilities


You were on level 1 of the Dungeon.
You visited 1 branch of the dungeon, and saw 1 of its levels.

You collected 10 gold pieces.

Inventory:

Hand Weapons
 a - a +0 flail (weapon)
Armour
 b - a +0 scale mail (worn)
 c - a +0 buckler (worn)
Scrolls
 e - 3 scrolls of teleportation {unknown}
Potions
 d - a potion of might


   Skills:
 - Level 3.3 Fighting
 + Level 1.8 Maces & Flails
 - Level 2.7 Armour
 - Level 2.7 Shields


You couldn't memorise any spells.
You didn't know any spells.
Your spell library was empty.

Dungeon Overview and Level Annotations

Branches:
Dungeon (1/15)

Altars:


Innate Abilities, Weirdness & Mutations

You are immune to poison.
You have sharp fingernails.
Your flesh is cold resistant. (rC+)
You are immune to negative energy. (rN+++)
You do not regenerate when monsters are visible.
You are immune to unholy pain and torment.
You thrive by killing the living.


Message History

You miss the quokka.
The quokka is almost dead.
A ball python comes into view.
The kobold barely misses you. The frilled lizard closely misses you.
The goblin hits you with a +0 dagger. The quokka barely misses you.
The frilled lizard bites you. The kobold barely misses you.
The goblin misses you.
The ball python moves out of view.
The goblin attacks as you move away! You block the goblin's attack.
The kobold hits you but does no damage. The quokka closely misses you.
The quokka attacks as you move away!
The quokka bites you but does no damage.
The goblin attacks as you move away! The goblin hits you but does no damage.
The kobold closely misses you.
A goblin comes into view. It is wielding a +0 club.
The goblin shouts!
You hit the kobold but do no damage. The kobold completely misses you.
The goblin closely misses you.
You barely miss the kobold. The kobold barely misses you.
The goblin hits you but does no damage.
You barely miss the kobold. The kobold hits you but does no damage.
The goblin hits you but does no damage. The goblin hits you with a +0 club.
The kobold hits you with a +0 club.
You closely miss the kobold. The kobold misses you.
You block the goblin's attack.
You barely miss the kobold. You block the kobold's attack.
You block the goblin's attack.
You closely miss the kobold. You block the kobold's attack.
The goblin hits you but does no damage.
The frilled lizard unfolds its giant frill.
The kobold hits you but does no damage. The goblin hits you but does no damage.
You barely miss the kobold. The kobold hits you with a +0 club.
* * * LOW HITPOINT WARNING * * *
The goblin barely misses you.
You miss the kobold. The kobold barely misses you.
The goblin hits you but does no damage. You block the kobold's attack.
The goblin barely misses you.
You barely miss the kobold. The kobold hits you with a +0 club.
* * * LOW HITPOINT WARNING * * *
The goblin hits you with a +0 club.
You die...

##... .#
.S..##. #......
.. #.....#..#
#.####...#..#..
#.....S........
#...#
#####l..##
#.@Kggr..#
#g####...# # #.
##..# .# ##
#..######.#
#..##.....#
##..#....#
#..#....#
#.......#.#
##.)......#


You could see a quokka, 3 goblins, a kobold and a frilled lizard.

Vanquished Creatures
  A bat (D:1)
  A giant cockroach (D:1)
  A kobold (D:1)
3 creatures vanquished.

Notes
Turn   | Place    | Note
-------+----------+-------------------------------------------
     0 | D:1      | Malachi the Ghoul Fighter began the quest for the Orb.
     0 | D:1      | Reached XP level 1. HP: 19/19 MP: 0/0
    10 | D:1      | Noticed an ogre
   178 | D:1      | Slain by a goblin

Illustrated notes

Levels and vault maps discovered:
D:1:      evilmike_arrival_come_back, layout_basic,
          hellmonk_ecumenical_altar_blasted, minmay_tree_intersection

Action                   || total
-------------------------++-------
Melee: Flail             ||    21
Armor: Scale mail        ||    21
Dodge: Dodged            ||    19
Block: Buckler           ||    10

Table legend: (Time is in decaauts)
 A = Elapsed time spent in this place.
 B = Non-inter-level travel time spent in this place.
 C = Inter-level travel time spent in this place.
 D = Time resting spent in this place.
 E = Time spent auto-exploring this place.
 F = Levels seen in this place.
 G = Mean time per level.
                   A        B        C        D        E       F      G
               +--------+--------+--------+--------+--------+-----+--------+
         Total |    185 |    185 |      0 |      0 |    124 |   1 |  185.0 |
       Dungeon |    185 |    185 |      0 |      0 |    124 |   1 |  185.0 |
               +--------+--------+--------+--------+--------+-----+--------+

Top non-repeatable levels by time:
     D:1: 185 daAuts
